 Dungeon Crawl Stone Soup version 0.31-a0-233-g139696dc86 (webtiles) character file.

Game seed: 15320275421008569095

42 Nietzsche the Cutter (level 3, -1/27 HPs)
             Began as a Vampire Gladiator on July 10, 2023.
             Slain by a gnoll
             ... wielding a +0 club
              (6 damage)
             ... on level 2 of the Dungeon.
             The game lasted 00:03:46 (1382 turns).

Nietzsche the Cutter (Vampire Gladiator)            Turns: 1382, Time: 00:03:47

Health: -1/27      AC:  4    Str: 13    XL:     3   Next: 35%
Magic:  4/4        EV: 13    Int: 12    God:
Gold:   99         SH:  0    Dex: 15    Spells: 4/4 levels left

rFire   . . .        a - +0 rapier
rCold   . . .        (no shield)
rNeg    . . .        b - +0 leather armour
rPois   .            c - +0 helmet
rElec   .            (no cloak)
rCorr   .            (no gloves)
SInv    +            (no boots)
Will    .....        (no amulet)
Stlth   ++           (no ring)
HPRegen 0.44/turn    (no ring)
MPRegen 0.09/turn

%: no passive effects
@: healing quickly
A: alive, fangs 3, see invisible, vampiric 2, MP-powered wands
a: Exsanguinate


You were on level 2 of the Dungeon.
You visited 1 branch of the dungeon, and saw 2 of its levels.

You collected 99 gold pieces.

Inventory:

Hand Weapons
 a - a +0 rapier (weapon)
Missiles
 d - 4 throwing nets (quivered)
 e - a javelin
Armour
 b - a +0 leather armour (worn)
 c - a +0 helmet (worn)
Scrolls
 h - 2 scrolls of amnesia {unknown}
 i - a scroll of teleportation {unknown}
 k - 2 scrolls of identify {unknown}
Potions
 f - a potion of degeneration {unknown}
 g - a potion of mutation
 j - a potion of curing {unknown}


   Skills:
 + Level 2.1 Fighting
 + Level 3.8 Short Blades
 - Level 1.5 Throwing
 + Level 0.4 Armour
 + Level 3.5 Dodging
 * Level 1.3 Stealth
 * Level 1.1 Spellcasting


You had 4 spell levels left.
You didn't know any spells.
Your spell library contained the following spells:

 Spells                   Type           Power      Damage    Failure   Level
 Sting                    Tmut/Pois      0%         1d3       36%         1
 Summon Small Mammal      Summ           0%         N/A       36%         1
 Poisonous Vapours        Pois/Air       0%         N/A       50%         2
 Call Canine Familiar     Summ           0%         N/A       75%         3
 Summon Guardian Golem    Hex/Summ       0%         N/A       75%         3
 Olgreb's Toxic Radiance  Pois           0%         N/A       98%         4


Dungeon Overview and Level Annotations

Branches:
Dungeon (2/15)

Altars:


Innate Abilities, Weirdness & Mutations

Your natural rate of healing is accelerated.
You have razor-sharp teeth.
You have supernaturally acute eyesight. (SInv)
You are afflicted with vampirism and can become a bat while bloodless.
You expend magic power (3 MP) to strengthen your wands.


Message History

d - 4 throwing nets (gained 1)
The gnoll throws a throwing net.
The throwing net barely misses you. 3 gnolls come into view.
The gnoll hits you with a +0 whip.
You hit the gnoll.
The gnoll is moderately wounded.
The gnoll shouts!
The gnoll barely misses you.
You barely miss the gnoll.
The gnoll is moderately wounded.
The gnoll shouts!
The gnoll barely misses you. The gnoll attacks as you move away!
The gnoll hits you with a +0 whip!
Found 10 gold pieces.
You barely miss the gnoll. Your bite misses the gnoll.
The gnoll is moderately wounded.
The gnoll barely misses you.
You hit the gnoll.
The gnoll is heavily wounded.
The gnoll hits you with a +0 whip.
You hit the gnoll.
The gnoll is almost dead.
You hit the gnoll.
The gnoll is moderately wounded.
You hit the gnoll.
The gnoll is severely wounded.
The gnoll hits you with a +0 club.
You barely miss the gnoll. Your bite misses the gnoll.
The gnoll is severely wounded.
The gnoll barely misses you.
The gnoll hits you from afar with a +0 spear.
You barely miss the gnoll.
The gnoll is severely wounded.
The gnoll hits you with a +0 club!
The gnoll hits you from afar with a +0 spear.
* * * LOW HITPOINT WARNING * * *
It was a potion of mutation.
You feel extremely strange.
You feel your magical essence link to the dungeon's wands.
The gnoll hits you with a +0 club.
You die...

+.........+..............
#.........##.........####
##.......####........#
##.....## ##.....###
##...## ##....# ##'##
####.# #.# #.#
#.########## #.#
##ggg@......#
##..g######.$# #(....#
##...## ##.g# ##g#
#........gg...
######........ #########


You could see 4 gnolls.

Vanquished Creatures
  An adder (D:2)
  A dart slug (D:2)
  2 bats (D:1)
  4 endoplasms
  A giant cockroach (D:2)
  4 goblins
  2 hobgoblins
  3 jackals (D:1)
  A quokka (D:1)
  4 frilled lizards
  2 kobolds (D:1)
  5 rats
30 creatures vanquished.

Notes
Turn   | Place    | Note
-------+----------+-------------------------------------------
     0 | D:1      | Nietzsche the Vampire Gladiator began the quest for the
                  | Orb.
     0 | D:1      | Reached XP level 1. HP: 16/16 MP: 1/1
   152 | D:1      | Reached XP level 2. HP: 17/22 MP: 1/3
   816 | D:2      | Reached skill level 1 in Spellcasting
   894 | D:2      | Reached skill level 1 in Stealth
  1119 | D:2      | Gained mutation: You are afflicted with vampirism and can
                  | become a bat while bloodless. [Vampire growth]
  1119 | D:2      | Reached XP level 3. HP: 22/27 MP: 4/4
  1382 | D:2      | Gained mutation: You expend magic power (3 MP) to
                  | strengthen your wands. [potion of mutation]
  1382 | D:2      | Slain by a gnoll

Illustrated notes

Levels and vault maps discovered:
D:1:      ebering_hopf_link, layout_loops_ring
D:2:      layout_loops_corners

Skill      XL: |  1  2 |
---------------+-------+-----
Fighting       | 2 |  2.1
Spellcasting   | 1 |  1.1
Stealth        | 1 |  1.3
Short Blades   | |  3.8
Throwing       | |  1.5
Armour         | |  0.4
Dodging        | |  3.5

Action                     || total
---------------------------++-------
  Melee: Rapier            ||   104
         Bite              ||     8
    Use: Potion            ||     1
   Stab: Sleeping          ||     1
 Armour: Leather armour    ||    25
  Dodge: Dodged            ||    69

Table legend: (Time is in decaauts)
 A = Elapsed time spent in this place.
 B = Non-inter-level travel time spent in this place.
 C = Inter-level travel time spent in this place.
 D = Time resting spent in this place.
 E = Time spent auto-exploring this place.
 F = Levels seen in this place.
 G = Mean time per level.
                   A        B        C        D        E       F      G
               +--------+--------+--------+--------+--------+-----+--------+
         Total |   1385 |   1272 |    113 |      0 |    967 |   2 |  692.5 |
       Dungeon |   1385 |   1272 |    113 |      0 |    967 |   2 |  692.5 |
               +--------+--------+--------+--------+--------+-----+--------+

Top non-repeatable levels by time:
     D:1: 810 daAuts
     D:2: 574 daAuts
